 Seeded DCSS version 0.25.1-2-g60ff931df9 (webtiles) character file.

Game seed: 20201120 (custom seed)

6283 bronco the Thaumaturge (level 10, -12/70 HPs)
             Began as a Mummy Conjurer on Nov 21, 2020.
             Was an Elder of Nemelex Xobeh.
             Mangled by a hornet (17 damage)
             ... on level 10 of the Dungeon.
             The game lasted 01:02:14 (11661 turns).

bronco the Thaumaturge (Mummy Conjurer)            Turns: 11661, Time: 01:02:16

Health: -12/70     AC:  4    Str: 17    XL:     10   Next: 63%
Magic:  18/27      EV: 14    Int: 21    God:    Nemelex Xobeh [****..]
Gold:   569        SH:  0    Dex: 13    Spells: 25/36 levels left

rFire    + . .     SeeInvis .   t - +2 dagger "Ocak" {chaos, rElec rF+ rN++}
rCold    + . .     Gourm    .   (no shield)
rNeg     + + +     Faith    .   B - -2 robe (curse)
rPois    ∞         Spirit   .   F - +2 hat {Int+3}
rElec    +         Reflect  .   n - +0 cloak
rCorr    .         Harm     .   (no gloves)
MR       +....                  v - +0 pair of boots
Stlth    +++.......             (no amulet)
HPRegen  0.21/turn              u - ring of protection from fire
MPRegen  0.20/turn              y - +6 ring of strength

@: slowed, very slow
A: no food or potions, fire vulnerability, cold resistance 1, negative energy
resistance 3, torment resistance, unbreathing
a: Draw Escape, Draw Destruction, Draw Summoning, Triple Draw, Deal Four,
Renounce Religion


You were on level 10 of the Dungeon.
You worshipped Nemelex Xobeh.
Nemelex Xobeh was greatly pleased with you.
You were not hungry.

You visited 2 branches of the dungeon, and saw 11 of its levels.

You collected 569 gold pieces.

Inventory:

Hand Weapons
 g - a +0 short sword
 j - a +0 rapier
 m - a +0 whip
 q - a +0 flail
 t - the +2 dagger "Ocak" (weapon) {chaos, rElec rF+ rN++}
   (You found it on level 4 of the Dungeon)

   Each time it hits an enemy it has a different, random effect.
   It protects you from fire.
   It insulates you from electricity.
   It greatly protects you from negative energy.
 C - a +2 flail of protection
Missiles
 e - 173 stones (quivered)
 k - 61 sling bullets
 l - 106 arrows
 r - 5 boomerangs
 s - 12 poisoned darts
Armour
 a - a +1 robe
 d - a +0 helmet
 n - a +0 cloak (worn)
 v - a +0 pair of boots (worn)
 B - a cursed -2 robe (worn)
 D - a +0 troll leather armour
 F - a +2 hat of intelligence (worn)
Jewellery
 i - an uncursed ring of ice
 u - a ring of protection from fire (left hand)
 x - an uncursed ring of flight
 y - a +6 ring of strength (right hand)
Scrolls
 b - 2 scrolls of amnesia {unknown}
 c - 4 scrolls of teleportation
 f - 6 scrolls of identify
 h - a scroll of holy word {unknown}
 o - 2 scrolls of enchant armour
 p - 2 scrolls of vulnerability {unknown}
 w - a scroll of noise {unknown}
 z - 2 scrolls of random uselessness {unknown}
 A - a scroll of fog {unknown}
 E - a scroll of remove curse
 G - a scroll of immolation {unknown}
 H - a scroll of silence {unknown}


   Skills:
 + Level 3.4 Fighting
 + Level 4.8 Dodging
 + Level 4.3 Stealth
 * Level 13.5 Spellcasting
 + Level 7.2 Conjurations
 + Level 0.4 Air Magic
 + Level 0.7 Poison Magic


You had 25 spell levels left.
You knew the following spells:

 Your Spells              Type           Power        Failure   Level  Hunger
a - Magic Dart            Conj           ####         1%          1    N/A
b - Searing Ray           Conj           #####.       1%          2    N/A
c - Mephitic Cloud        Conj/Pois/Air  ####....     4%          3    N/A
d - Dazzling Flash        Conj/Hex       ####..       3%          3    N/A
e - Blink                 Tloc           N/A          7%          2    N/A

Your spell library contained the following spells:

 Spells                   Type           Power        Failure   Level  Hunger
 Conjure Flame            Conj/Fire      ####....     3%          3    N/A
 Poisonous Vapours        Pois/Air       ###...       5%          2    N/A
 Call Imp                 Summ           ##......     7%          2    N/A
 Slow                     Hex            ##......     7%          2    N/A
 Fulminant Prism          Conj/Hex       ####......   10%         4    N/A
 Iskenderun's Mystic Bla  Conj/Tloc      ####....     10%         4    N/A
 Confusing Touch          Hex            ##......     14%         3    N/A
 Gell's Gravitas          Tloc           ##........   14%         3    N/A
 Petrify                  Tmut/Erth      ##......     41%         4    N/A
 Metabolic Englaciation   Hex/Ice        ##........   77%         5    N/A
 Yara's Violent Unravell  Hex/Tmut       ##........   77%         5    N/A
 Freezing Cloud           Conj/Ice/Air   ####......   94%         6    N/A
 Ring of Flames           Chrm/Fire      ##........   100%        7    N/A

Dungeon Overview and Level Annotations

Branches:
Dungeon (10/15)            Temple (1/1) D:6            Lair (0/6) D:9
    Orc (0/2) D:9

Altars:
Ashenzari
Cheibriados
Dithmenos
Elyvilon
Fedhas
Gozag
Hepliaklqana
Kikubaaqudgha
Makhleb
Nemelex Xobeh
Okawaru
Qazlal
Ru
Sif Muna
Trog
Uskayaw
Vehumet
Wu Jian
Xom
Yredelemnul
Zin
The Shining One

Shops:
D:4 *   D:5 ?   D:7 *

Annotations:
D:5 Dowan


Innate Abilities, Weirdness & Mutations

You do not eat or drink.
Your flesh is vulnerable to fire.
You are immune to poison.
Your flesh is cold resistant. (rC+)
You are immune to negative energy. (rN+++)
You are immune to unholy pain and torment.
You can survive without breathing.


Message History

Confirm with . or Enter, or press ? or * to list all spells.
Aiming: Magic Dart (safe; 1% risk of failure)
Press: ? - help, Shift-Dir - straight line, f/p - wraith
Aim: a wraith (severely damaged)
The magic dart hits the wraith but does no damage.
The wraith is severely damaged.
The hornet stings you!! The wraith hits you! The hornet stings you.
* * * LOW HITPOINT WARNING * * *
The hornet closely misses you. The hornet barely misses you.
The hornet stings you!
* * * LOW HITPOINT WARNING * * *
You draw a card...
You have drawn the Shaft.
A shaft materialises beneath you! The hornet completely misses you.
The wraith barely misses you. The wraith hits you!
* * * LOW HITPOINT WARNING * * *
The wraith drains your vigour!
You feel as though you will be slow longer.
The hornet stings you!
You die...
Your body glows with a rainbow of weird colours and disappears.

.. ######## ..
#......# .#
#......#..#
#......#..# ..
#......'..+ ...
#......####....
#.....Wy.......
..######@.......
#...<'........
#....#........
#....##+######
###..#
#######..#
#........#
#...<....#
#.........#


You could see a hornet and a wraith.

Vanquished Creatures
  A two-headed ogre (D:9)
  An ugly thing (D:9)
  A hippogriff (D:5)
  A human (D:7)
  A yak (D:7)
  3 hogs (D:7)
  A hungry ghost (D:10)
  Menkaure (D:5)
  Duvessa (D:5)
  2 black bears (D:8)
  An orc warrior (D:7)
  A sky beast (D:8)
  4 ogres
  A centaur (D:9)
  3 bullfrogs
  2 scorpions (D:9)
  4 killer bees (D:7)
  5 crimson imps
  5 orc priests
  4 hounds
  9 orc wizards
  2 bullfrog skeletons
  A centaur skeleton (D:4)
  Jessica (D:2)
  Natasha (thrice) (D:2)
  2 iguanas (D:9)
  4 worker ants
  A hound zombie (D:5)
  A howler monkey zombie (D:5)
  A worker ant zombie (D:2)
  3 gnolls (D:8)
  12 adders
  A howler monkey skeleton (D:8)
  A shadow imp (D:4)
  2 adder skeletons
  An adder zombie (D:8)
  A worm (D:5)
  A dart slug (D:4)
  6 leopard geckos
  22 orcs
  4 bat zombies (D:3)
  2 giant cockroaches
  10 goblins
  14 hobgoblins
  8 jackals
  3 quokkas
  9 bats
  6 frilled lizards
  7 kobolds
  A quokka skeleton (D:5)
  9 rats
191 creatures vanquished.

Vanquished Creatures (collateral kills)
  Gastronok (D:9)
  A troll (D:9)
  An orc priest (D:3)
  An orc wizard (D:9)
  7 orcs
11 creatures vanquished.

Vanquished Creatures (others)
  An adder skeleton (D:5)
  A quokka zombie (D:5)
2 creatures vanquished.

Grand Total: 204 creatures vanquished

Notes
Turn   | Place    | Note
-------+----------+-------------------------------------------
     0 | D:1      | bronco the Mummy Conjurer began the quest for the Orb.
     0 | D:1      | Reached XP level 1. HP: 13/13 MP: 4/4
   212 | D:1      | Reached XP level 2. HP: 19/19 MP: 0/5
   672 | D:1      | Learned a level 2 spell: Searing Ray
   713 | D:1      | Reached skill level 3 in Spellcasting
  1005 | D:1      | Reached XP level 3. HP: 20/24 MP: 4/7
  1443 | D:2      | Noticed Natasha
  1794 | D:2      | Noticed Jessica
  1807 | D:2      | Killed Jessica
  1807 | D:2      | Reached skill level 4 in Spellcasting
  1807 | D:2      | Reached XP level 4. HP: 30/30 MP: 2/10
  1854 | D:2      | Found a shimmering altar of Xom.
  2036 | D:2      | Found a shimmering blue altar of Sif Muna.
  2137 | D:2      | Killed Natasha
  2212 | D:2      | Noticed Natasha
  2216 | D:2      | Killed Natasha
  2216 | D:2      | Reached XP level 5. HP: 36/36 MP: 7/12
  2311 | D:2      | Noticed Natasha
  2318 | D:2      | Killed Natasha
  2318 | D:2      | Reached skill level 5 in Spellcasting
  3272 | D:3      | Found a faded altar of an unknown god.
  3281 | D:3      | Became a worshipper of Nemelex Xobeh the Trickster
  3281 | D:3      | Received a gift from Nemelex Xobeh
  3281 | D:3      | Reached * piety under Nemelex Xobeh
  3581 | D:3      | Found an ancient bone altar of Kikubaaqudgha.
  4023 | D:4      | Reached XP level 6. HP: 27/42 MP: 7/14
  4132 | D:4      | Noticed a wyvern
  4177 | D:4      | Found Zuusm's Assorted Antiques.
  4370 | D:4      | Reached skill level 6 in Spellcasting
  4821 | D:4      | Got a buzzing dagger
  4823 | D:4      | Identified the cursed +2 dagger "Ocak" {chaos, rElec rF+
                  | rN++} (You found it on level 4 of the Dungeon)
  4848 | D:4      | Found a sacrificial altar of Ru.
  5017 | D:4      | Received a gift from Nemelex Xobeh
  5043 | D:4      | Reached ** piety under Nemelex Xobeh
  5098 | D:4      | Found a blossoming altar of Fedhas.
  5098 | D:4      | Found a shadowy altar of Dithmenos.
  5099 | D:4      | Found a radiant altar of Vehumet.
  5351 | D:5      | Entered Level 5 of the Dungeon
  5417 | D:5      | Noticed a hippogriff
  5419 | D:5      | Noticed a neqoxec
  5431 | D:5      | Killed a hippogriff
  5431 | D:5      | Reached skill level 1 in Fighting
  5431 | D:5      | Reached skill level 7 in Spellcasting
  5431 | D:5      | Reached XP level 7. HP: 18/48 MP: 5/17
  5666 | D:5      | Found a shattered altar of Ashenzari.
  5686 | D:5      | Noticed Duvessa
  5686 | D:5      | Noticed Dowan
  5700 | D:5      | Killed Duvessa
  5700 | D:5      | Reached skill level 5 in Conjurations
  5703 | D:5      | You fall into a shaft and drop 1 floor!
  5703 | D:6      | Found a staircase to the Ecumenical Temple.
  5980 | Temple   | Entered the Ecumenical Temple
  6327 | D:5      | Reached skill level 8 in Spellcasting
  6698 | D:5      | Found an opulent altar of Gozag.
  6732 | D:5      | Noticed Menkaure
  6736 | D:5      | Killed Menkaure
  6736 | D:5      | Reached XP level 8. HP: 54/54 MP: 14/20
  6789 | D:5      | Received a gift from Nemelex Xobeh
  6802 | D:5      | Found a stormy altar of Qazlal.
  6822 | D:5      | Found Laofauq's Magic Scroll Emporium.
  7195 | D:6      | Found a glowing silver altar of Zin.
  7316 | D:7      | Reached *** piety under Nemelex Xobeh
  7603 | D:7      | Found Jifiew's General Store.
  7660 | D:7      | Reached skill level 9 in Spellcasting
  8571 | D:7      | Reached skill level 10 in Spellcasting
  8571 | D:7      | Reached XP level 9. HP: 54/62 MP: 16/23
  9231 | D:8      | Received a gift from Nemelex Xobeh
  9237 | D:8      | Reached skill level 11 in Spellcasting
  9269 | D:8      | Learned a level 3 spell: Mephitic Cloud
  9273 | D:8      | Learned a level 3 spell: Dazzling Flash
  9543 | D:8      | Found a glowing golden altar of the Shining One.
  9745 | D:8      | Found a bloodstained altar of Trog.
  9992 | D:9      | Learned a level 2 spell: Blink
 10061 | D:9      | Reached **** piety under Nemelex Xobeh
 10061 | D:9      | Received a gift from Nemelex Xobeh
 10177 | D:9      | Noticed a troll
 10179 | D:9      | Identified the -1 quarterstaff of Nujodiur {venom, Fragile
                  | rC+ Str+9}
 10182 | D:9      | Killed a troll
 10182 | D:9      | Reached skill level 12 in Spellcasting
 10195 | D:9      | Noticed Gastronok
 10200 | D:9      | Noticed a two-headed ogre
 10378 | D:9      | Found a staircase to the Orcish Mines.
 10493 | D:9      | Noticed a green ugly thing
 10501 | D:9      | Killed a green ugly thing
 10501 | D:9      | Reached XP level 10. HP: 50/70 MP: 20/26
 10683 | D:9      | Killed Gastronok
 10683 | D:9      | Reached skill level 13 in Spellcasting
 10751 | D:9      | Found a staircase to the Lair.
 10896 | D:9      | Killed a two-headed ogre
 11334 | D:9      | Received a gift from Nemelex Xobeh
 11530 | D:10     | Entered Level 10 of the Dungeon
 11661 | D:10     | Mangled by a hornet

Illustrated notes

Levels and vault maps discovered:
D:1:      saegor_arrival_miasma, layout_rooms, minmay_curled_crystal,
          minmay_pentomino_o2
D:2:      layout_rooms, old_standard_altar, xom_teletrap_fun, first_ration,
          uniq_jessica, uniq_natasha
D:3:      layout_loops_ring, lemuel_zombie_altar_kikubaaqudgha,
          chequers_ecumenical_altar_simple_redux, grunt_ministairs_7
D:4:      cheibrodos_greedy_goblins, layout_loops_ring,
          gammafunk_temple_overflow_claw, hangedman_ru_absence, serial_shops,
          shop
D:5:      layout_rooms, grunt_gozag_breadcrumbs, lemuel_crystal_altar,
          nicolae_ashenzari_panopticon, serial_shops, shop_scrolls,
          lemuel_flamethrower_2, uniq_menkaure, uniq_duvessa
D:6:      layout_basic, overflow_temple_1_default, minmay_temple_entry_slanted
D:7:      wander_river, layout_loops_corners, serial_shops, shop,
          grunt_livestock
D:8:      layout_rooms, trog_ov_bears_minmay, old_standard_altar
D:9:      layout_long_grid, lair_entry_dummy, orc_0_dummy, uniq_gastronok
D:10:     layout_gridville, minmay_nine_imps
Temple:   compressed_dpeg_triangle_lava_temple

Skill      XL: |  1  2  3  4  5  6  7  8  9 10 |
---------------+-------------------------------+-----
Spellcasting   | 3 4 5 7 8 10 12 13 | 13.5
Conjurations   | 4 5 6 7 |  7.2
Dodging        | 2 3 4 |  4.8
Stealth        | 2 3 4 |  4.3
Fighting       | 1 2 3 |  3.4
Air Magic      | |  0.4
Poison Magic   | |  0.7

Action                   |  1- 3 |  4- 6 |  7- 9 | 10-12 || total
-------------------------+-------+-------+-------+-------++-------
Melee: Short sword       |     8 |     6 |       |       ||    14
       Rapier            |       |    24 |       |       ||    24
       Dagger            |       |    16 |    55 |    37 ||   108
 Cast: Magic Dart        |    95 |   166 |   122 |    19 ||   402
       Searing Ray       |       |    10 |    44 |     7 ||    61
       Mephitic Cloud    |       |       |     1 |     2 ||     3
       Dazzling Flash    |       |       |       |     1 ||     1
Invok: Draw Summoning    |       |     3 |     2 |     1 ||     6
       Draw Escape       |       |       |     3 |     3 ||     6
       Draw Destruction  |       |       |     3 |     4 ||     7
  Use: Scroll            |     2 |     5 |     3 |     1 ||    11
 Stab: Sleeping          |       |       |     1 |     1 ||     2
       Petrified         |       |       |       |     2 ||     2
       Distracted        |       |       |       |     1 ||     1
       Paralysed         |       |       |       |     1 ||     1
Armor: Robe              |     7 |    26 |    24 |    14 ||    71
Dodge: Dodged            |    19 |    85 |    74 |    57 ||   235
